BSA
BAFFIN ISLAND BEAVERS @ NIAGARA FALLS FRENZY
05/17/2026
 
TOP OF THE 1ST
Baffin Island Beavers batting - Pitching for Niagara Falls Frenzy : RHP Mark Head
Pitching: RHP Mark Head
Batting: LHB Chris Bates 0-0: Ground out 4-3 (Groundball, 4)
Batting: LHB Jeff Cole 0-0: Foul Ball, location: 2F
0-1: Foul Ball, location: 2F
0-2: Ball
1-2: Foul Ball, location: 2F
1-2: Foul Ball, location: 2F
1-2: Foul Ball, location: 2F
1-2: SINGLE (Groundball, 4M)
Batting: SHB Alonso Ferreira 0-0: 2-RUN HOME RUN (Flyball, 89XD), Distance : 414 ft
Batting: LHB Lorenzo Villa 0-0: Foul Ball, location: 2F
0-1: Ball
1-1: Called Strike
1-2: Ball
2-2: Foul Ball, location: 2F
2-2: SOLO HOME RUN (Line Drive, 89XD), Distance : 435 ft
Batting: RHB Tony Morton 0-0: Called Strike
0-1: Foul Ball, location: 2F
0-2: Strikes out swinging
Batting: LHB Mario García 0-0: Ball
1-0: Ball
2-0: Foul Ball, location: 2F
2-1: Foul Ball, location: 2F
2-2: Ground out U3 (Groundball, 3S)
Top of the 1st over - 3 run(s), 3 hit(s), 0 error(s), 0 left on base; Baffin Island 3 - Niagara Falls 0
BOTTOM OF THE 1ST
Niagara Falls Frenzy batting - Pitching for Baffin Island Beavers : LHP Jaime Guzmán
Pitching: LHP Jaime Guzmán
Batting: SHB Martín De Jesús 0-0: Ball
1-0: SINGLE (Groundball, 4MD)
Batting: LHB Clyde Yarbrough 0-0: Called Strike
0-1: Called Strike
0-2: Fielders Choice at 2nd, 4-6 (Groundball, 34)
Batting: RHB Lawrence Schroeder 0-0: Called Strike
0-1: Foul Ball, location: 2F
0-2: Ball
1-2: Foul Ball, location: 2F
1-2: Foul Ball, location: 2F
1-2: Foul Ball, location: 2F
1-2: Grounds into double play, 4-6-3 (Groundball, 4)
Bottom of the 1st over - 0 run(s), 1 hit(s), 0 error(s), 0 left on base; Baffin Island 3 - Niagara Falls 0
TOP OF THE 2ND
Baffin Island Beavers batting - Pitching for Niagara Falls Frenzy : RHP Mark Head
Batting: RHB Dave Craig 0-0: Swinging Strike
0-1: Foul Ball, location: 2F
0-2: Foul Ball, location: 2F
0-2: Ground out 5-3 (Groundball, 5)
Batting: LHB Keng-chi Lao 0-0: Swinging Strike
0-1: Ball
1-1: Called Strike
1-2: Foul Ball, location: 2F
1-2: SINGLE (Line Drive, 6D)
Batting: LHB Mike MacFadden 0-0: Called Strike
Keng-chi Lao steals 2nd base
0-1: Ball
1-1: Ball
2-1: Foul Ball, location: 2F
2-2: Ball
3-2: Foul Ball, location: 2F
3-2: Strikes out swinging
Batting: LHB Chris Bates 0-0: Called Strike
0-1: Ball
1-1: Swinging Strike
1-2: Foul Ball, location: 2F
1-2: 2-RUN HOME RUN (Flyball, 8RXD), Distance : 421 ft
Batting: LHB Jeff Cole 0-0: Called Strike
0-1: Ball
1-1: Ball
2-1: Foul Ball, location: 2F
2-2: Strikes out swinging
Top of the 2nd over - 2 run(s), 2 hit(s), 0 error(s), 0 left on base; Baffin Island 5 - Niagara Falls 0
BOTTOM OF THE 2ND
Niagara Falls Frenzy batting - Pitching for Baffin Island Beavers : LHP Jaime Guzmán
Batting: LHB Dante Owens 0-0: Called Strike
0-1: Ball
1-1: Fly out, F5 (Popup, 5)
Batting: RHB Ángel Hinojosa 0-0: Ground out 6-3 (Groundball, 6)
Batting: RHB Zander Tremblett 0-0: Ball
1-0: SOLO HOME RUN (Flyball, 9D), Distance : 402 ft
Batting: LHB Bill Hall 0-0: Swinging Strike
0-1: Ball
1-1: Foul Ball, location: 2F
1-2: Ball
2-2: Ground out U3 (Groundball, 3S)
Bottom of the 2nd over - 1 run(s), 1 hit(s), 0 error(s), 0 left on base; Baffin Island 5 - Niagara Falls 1
TOP OF THE 3RD
Baffin Island Beavers batting - Pitching for Niagara Falls Frenzy : RHP Mark Head
Batting: SHB Alonso Ferreira 0-0: Ball
1-0: Ball
2-0: Ground out 3-1 (Groundball, 34)
Batting: LHB Lorenzo Villa 0-0: Swinging Strike
0-1: Ground out 4-3 (Groundball, 4)
Batting: RHB Tony Morton 0-0: Ball
1-0: Ball
2-0: Foul Ball, location: 2F
2-1: Swinging Strike
2-2: Fly out, F8 (Flyball, 8LD)
Top of the 3rd over - 0 run(s), 0 hit(s), 0 error(s), 0 left on base; Baffin Island 5 - Niagara Falls 1
BOTTOM OF THE 3RD
Niagara Falls Frenzy batting - Pitching for Baffin Island Beavers : LHP Jaime Guzmán
Batting: SHB Jong-min Kim 0-0: Ball
1-0: Ball
2-0: Ground out 4-3 (Groundball, 4)
Batting: RHB Santiago Zambrano 0-0: SINGLE (Groundball, 25) (infield hit)
Batting: SHB Martín De Jesús 0-0: Called Strike
0-1: Ball
1-1: Ball
2-1: Called Strike
2-2: Fly out, F9 (Flyball, 9D)
Batting: LHB Clyde Yarbrough 0-0: Swinging Strike
0-1: Ball
1-1: Foul Ball, location: 2F
1-2: Ball
2-2: Ball
3-2: Base on Balls
Santiago Zambrano to second
Batting: RHB Lawrence Schroeder 0-0: Foul Ball, location: 2F
0-1: Foul Ball, location: 2F
0-2: Foul Ball, location: 2F
0-2: Strikes out swinging
Bottom of the 3rd over - 0 run(s), 1 hit(s), 0 error(s), 2 left on base; Baffin Island 5 - Niagara Falls 1
TOP OF THE 4TH
Baffin Island Beavers batting - Pitching for Niagara Falls Frenzy : RHP Mark Head
Batting: LHB Mario García 0-0: SINGLE (Line Drive, 7LM)
Batting: RHB Dave Craig 0-0: Called Strike
0-1: Ball
1-1: DOUBLE (Line Drive, 9LS)
Mario García to third
Runner from 3rd tries for Home, SAFE, throw made at trailing runner, SAFE at third!
Batting: LHB Keng-chi Lao 0-0: Called Strike
0-1: Foul Ball, location: 2F
0-2: Foul Ball, location: 2F
0-2: Fly out, F4 (Popup, 4)
Batting: LHB Mike MacFadden 0-0: DOUBLE (Line Drive, 9LM)
Dave Craig scores
Pitching: RHP Nathan Thornton
Batting: LHB Chris Bates 0-0: Ball
1-0: Ball
2-0: Foul Ball, location: 2F
2-1: Ground out 4-3 (Groundball, 4)
Mike MacFadden to third
Batting: LHB Jeff Cole 0-0: Ball
1-0: Ball
2-0: Ball
3-0: Called Strike
3-1: Foul Ball, location: 2F
3-2: Foul Ball, location: 2F
3-2: Fly out, F7 (Line Drive, 78D)
Top of the 4th over - 2 run(s), 3 hit(s), 0 error(s), 1 left on base; Baffin Island 7 - Niagara Falls 1
BOTTOM OF THE 4TH
Niagara Falls Frenzy batting - Pitching for Baffin Island Beavers : LHP Jaime Guzmán
Batting: LHB Dante Owens 0-0: Ball
1-0: Ball
2-0: Foul Ball, location: 2F
2-1: Foul Ball, location: 2F
2-2: Strikes out looking
Batting: RHB Ángel Hinojosa 0-0: Swinging Strike
0-1: Foul Ball, location: 2F
0-2: Foul Ball, location: 2F
0-2: SINGLE (Groundball, 6M)
Batting: RHB Zander Tremblett 0-0: Ball
1-0: Called Strike
1-1: Ball
2-1: Grounds into double play, U4-3 (Groundball, 4M)
Bottom of the 4th over - 0 run(s), 1 hit(s), 0 error(s), 0 left on base; Baffin Island 7 - Niagara Falls 1
TOP OF THE 5TH
Baffin Island Beavers batting - Pitching for Niagara Falls Frenzy : RHP Nathan Thornton
Batting: SHB Alonso Ferreira 0-0: Foul Ball, location: 2F
0-1: Foul Ball, location: 2F
0-2: Ball
1-2: Foul Ball, location: 2F
1-2: Ground out 4-3 (Groundball, 4)
Batting: LHB Lorenzo Villa 0-0: Called Strike
0-1: Swinging Strike
0-2: Ball
1-2: Ball
2-2: Ball
3-2: Strikes out swinging
Batting: RHB Tony Morton 0-0: Foul Ball, location: 2F
0-1: Foul Ball, location: 2F
0-2: Strikes out swinging
Top of the 5th over - 0 run(s), 0 hit(s), 0 error(s), 0 left on base; Baffin Island 7 - Niagara Falls 1
BOTTOM OF THE 5TH
Niagara Falls Frenzy batting - Pitching for Baffin Island Beavers : LHP Jaime Guzmán
Batting: LHB Bill Hall 0-0: Ball
1-0: Called Strike
1-1: Ball
2-1: Ball
3-1: Called Strike
3-2: Ground out 3-1 (Groundball, 34S)
Batting: SHB Jong-min Kim 0-0: Ball
1-0: Called Strike
1-1: Foul Ball, location: 2F
1-2: Ball
2-2: Strikes out swinging
Batting: RHB Santiago Zambrano 0-0: DOUBLE (Flyball, 9LS)
Batting: SHB Martín De Jesús 0-0: SINGLE (Line Drive, 56D)
Santiago Zambrano to third
Runner from 3rd tries for Home, SAFE, no throw or cutoff
Batting: LHB Clyde Yarbrough 0-0: Called Strike
0-1: Called Strike
Martín De Jesús steals 2nd base
0-2: SINGLE (Groundball, 4MD) (infield hit)
Martín De Jesús to third
Batting: RHB Lawrence Schroeder 0-0: Ball
1-0: Ball
2-0: Fly out, F8 (Flyball, 89M)
Bottom of the 5th over - 1 run(s), 3 hit(s), 0 error(s), 2 left on base; Baffin Island 7 - Niagara Falls 2
TOP OF THE 6TH
Baffin Island Beavers batting - Pitching for Niagara Falls Frenzy : RHP Nathan Thornton
Batting: LHB Mario García 0-0: Ball
1-0: Foul Ball, location: 2F
1-1: Foul Ball, location: 2F
1-2: Ground out 3-1 (Groundball, 34S)
Batting: RHB Dave Craig 0-0: Ball
1-0: Ball
2-0: Ball
3-0: Called Strike
3-1: Ground out 6-3 (Groundball, 6)
Batting: LHB Keng-chi Lao 0-0: Ball
1-0: Swinging Strike
1-1: Foul Ball, location: 2F
1-2: SINGLE (Groundball, 34D)
Batting: LHB Mike MacFadden Pickoff Throw to First - Error! E1
Keng-chi Lao to second
0-0: Ball
1-0: Fly out, F4 (Popup, 4MD)
Top of the 6th over - 0 run(s), 1 hit(s), 1 error(s), 1 left on base; Baffin Island 7 - Niagara Falls 2
BOTTOM OF THE 6TH
Niagara Falls Frenzy batting - Pitching for Baffin Island Beavers : LHP Jaime Guzmán
Batting: LHB Dante Owens 0-0: Foul Ball, location: 2F
0-1: Swinging Strike
0-2: Ball
1-2: Ball
2-2: Ground out 4-3 (Groundball, 4)
Batting: RHB Ángel Hinojosa 0-0: Foul Ball, location: 2F
0-1: Ball
1-1: Fly out, F7 (Flyball, 7D)
Batting: RHB Zander Tremblett 0-0: Ball
1-0: Ball
2-0: Fly out, F3 (Popup, 23F)
Bottom of the 6th over - 0 run(s), 0 hit(s), 0 error(s), 0 left on base; Baffin Island 7 - Niagara Falls 2
TOP OF THE 7TH
Baffin Island Beavers batting - Pitching for Niagara Falls Frenzy : RHP Nathan Thornton
Pitching: LHP António Bueno
Batting: LHB Chris Bates 0-0: Ball
1-0: Called Strike
1-1: Foul Ball, location: 2F
1-2: Foul Ball, location: 2F
1-2: Foul Ball, location: 2F
1-2: Ball
2-2: Ball
3-2: Foul Ball, location: 2F
3-2: Reached on error, E4 (Groundball, 34)
Batting: LHB Jeff Cole 0-0: Called Strike
0-1: Ball
1-1: Foul Ball, location: 2F
1-2: Foul Ball, location: 2F
1-2: Ball
2-2: Foul Ball, location: 2F
2-2: Foul Ball, location: 2F
2-2: Foul Ball, location: 2F
2-2: TRIPLE (Flyball, 9D)
Chris Bates scores
Batting: SHB Alonso Ferreira 0-0: SINGLE (Flyball, 7S)
Jeff Cole scores
Pitching: RHP Ángel Francisco
Batting: LHB Lorenzo Villa 0-0: Called Strike
0-1: Foul Ball, location: 2F
0-2: Foul Ball, location: 2F
0-2: Foul Ball, location: 2F
0-2: Ball
1-2: Ball
2-2: Ball
3-2: Grounds into double play, 4-6-3 (Groundball, 4)
Batting: RHB Tony Morton 0-0: Ball
1-0: Ball
2-0: Ground out 4-3 (Groundball, 4)
Top of the 7th over - 2 run(s), 2 hit(s), 1 error(s), 0 left on base; Baffin Island 9 - Niagara Falls 2
BOTTOM OF THE 7TH
Niagara Falls Frenzy batting - Pitching for Baffin Island Beavers : LHP Jaime Guzmán
Pitching: LHP José Bamuelos
Batting: LHB Bill Hall 0-0: Called Strike
0-1: Foul Ball, location: 2F
0-2: Ball
1-2: Fly out, F8 (Flyball, 8LS)
Batting: SHB Jong-min Kim 0-0: Ball
1-0: Foul Ball, location: 2F
1-1: Swinging Strike
1-2: Ball
2-2: Ball
3-2: Foul Ball, location: 2F
3-2: Base on Balls
Batting: RHB Santiago Zambrano 0-0: Swinging Strike
0-1: Called Strike
0-2: Strikes out swinging
Batting: SHB Martín De Jesús 0-0: Ball
1-0: Ball
2-0: Swinging Strike
2-1: Foul Ball, location: 2F
2-2: Fly out, F4 (Popup, 4M)
Bottom of the 7th over - 0 run(s), 0 hit(s), 0 error(s), 1 left on base; Baffin Island 9 - Niagara Falls 2
TOP OF THE 8TH
Baffin Island Beavers batting - Pitching for Niagara Falls Frenzy : RHP Ángel Francisco
Batting: LHB Mario García 0-0: Ball
1-0: Fly out, F8 (Flyball, 8LD)
Batting: RHB Dave Craig 0-0: Called Strike
0-1: Ball
1-1: Foul Ball, location: 2F
1-2: Ball
2-2: Foul Ball, location: 2F
2-2: Foul Ball, location: 2F
2-2: Foul Ball, location: 2F
2-2: Fly out, F9 (Flyball, 89S)
Batting: LHB Keng-chi Lao 0-0: Called Strike
0-1: Swinging Strike
0-2: Foul Ball, location: 2F
0-2: Foul Ball, location: 2F
0-2: Foul Ball, location: 2F
0-2: Ball
1-2: Ball
2-2: Ball
3-2: Strikes out looking
Top of the 8th over - 0 run(s), 0 hit(s), 0 error(s), 0 left on base; Baffin Island 9 - Niagara Falls 2
BOTTOM OF THE 8TH
Niagara Falls Frenzy batting - Pitching for Baffin Island Beavers : LHP José Bamuelos
Batting: LHB Clyde Yarbrough 0-0: Called Strike
0-1: Foul Ball, location: 2F
0-2: Foul Ball, location: 2F
0-2: Fly out, F9 (Flyball, 9D)
Batting: RHB Lawrence Schroeder 0-0: Called Strike
0-1: SINGLE (Line Drive, 34)
Batting: LHB Dante Owens 0-0: Ball
1-0: Foul Ball, location: 2F
1-1: Ball
2-1: Fly out, F7 (Flyball, 78D)
Batting: RHB Ángel Hinojosa 0-0: SINGLE (Groundball, 56D)
Lawrence Schroeder to second
Batting: RHB Zander Tremblett 0-0: Called Strike
0-1: Ball
1-1: Foul Ball, location: 2F
1-2: SINGLE (Line Drive, 4D)
Lawrence Schroeder to third
Ángel Hinojosa to second
Runner from 3rd tries for Home, SAFE, throw made home
Now in RF: José Berroa
Batting: LHB Bill Hall 0-0: Called Strike
0-1: Ball
1-1: Swinging Strike
1-2: Foul Ball, location: 2F
1-2: Foul Ball, location: 2F
1-2: Ball
2-2: Ball
3-2: SINGLE (Line Drive, 9S)
Ángel Hinojosa to third
Zander Tremblett to second
Ángel Hinojosa scores
Zander Tremblett to third
Batting: SHB Jong-min Kim 0-0: TRIPLE (Flyball, 89XD)
Zander Tremblett scores
Bill Hall scores
Pitching: RHP Bartolo García
Batting: RHB Santiago Zambrano 0-0: Ball
1-0: Called Strike
1-1: Swinging Strike
1-2: Ball
2-2: Strikes out swinging
Bottom of the 8th over - 4 run(s), 5 hit(s), 0 error(s), 1 left on base; Baffin Island 9 - Niagara Falls 6
TOP OF THE 9TH
Baffin Island Beavers batting - Pitching for Niagara Falls Frenzy : RHP Ángel Francisco
Batting: LHB Mike MacFadden 0-0: Swinging Strike
0-1: Called Strike
0-2: Ball
1-2: Strikes out looking
Batting: LHB Chris Bates 0-0: Ball
1-0: Ball
2-0: Ground out 6-3 (Groundball, 6MS)
Batting: LHB Jeff Cole 0-0: Foul Ball, location: 2F
0-1: Ball
1-1: Ball
2-1: Foul Ball, location: 2F
2-2: Ground out 4-3 (Groundball, 4)
Top of the 9th over - 0 run(s), 0 hit(s), 0 error(s), 0 left on base; Baffin Island 9 - Niagara Falls 6
BOTTOM OF THE 9TH
Niagara Falls Frenzy batting - Pitching for Baffin Island Beavers : RHP Bartolo García
Pitching: LHP Edgardo Guzmán
Batting: SHB Martín De Jesús 0-0: Ball
1-0: Foul Ball, location: 2F
1-1: Called Strike
1-2: Ball
2-2: Ground out 4-3 (Groundball, 4)
Batting: LHB Clyde Yarbrough 0-0: Called Strike
0-1: Ball
1-1: Foul Ball, location: 2F
1-2: Foul Ball, location: 2F
1-2: Ball
2-2: Foul Ball, location: 2F
2-2: Foul Ball, location: 2F
2-2: Ground out 4-3 (Groundball, 4)
Batting: RHB Lawrence Schroeder 0-0: Called Strike
0-1: SOLO HOME RUN (Flyball, 7D), Distance : 377 ft
Batting: LHB Dante Owens 0-0: Called Strike
0-1: Ball
1-1: Swinging Strike
1-2: Strikes out swinging
Bottom of the 9th over - 1 run(s), 1 hit(s), 0 error(s), 0 left on base; Baffin Island 9 - Niagara Falls 7
Monday, December 5th, 2016 - OOTP Baseball 17.12 Build 75